 Dungeon Crawl Stone Soup version 0.30.0-29-ga12c61a403 (webtiles) character file.

Game seed: 15418601007903213215

3114 BONEBRO the Protected (level 9, 0/70 HPs)
             Began as a Hill Orc Monk on June 16, 2023.
             Was a Priest of Beogh.
             Slain by a two-headed ogre
             ... wielding a +0 giant club
              (30 damage)
             ... on level 9 of the Dungeon.
             The game lasted 00:39:57 (9790 turns).

BONEBRO the Protected (Hill Orc Monk)               Turns: 9790, Time: 00:39:57

Health: 0/70       AC: 15    Str: 18    XL:     9   Next: 91%
Magic:  9/9        EV: 10    Int: 10    God:    Beogh [***...]
Gold:   528        SH:  8    Dex: 13    Spells: 8/8 levels left

rFire   . . .        A - +1 hand axe (elec)
rCold   . . .        p - +0 buckler
rNeg    . . .        I - +0 scale mail
rPois   .            K - +0 helmet
rElec   .            (no cloak)
rCorr   .            x - +0 pair of gloves
SInv    .            y - +1 pair of boots
Will    .....        N - amulet of reflection Stlth
                     (no ring)
HPRegen 0.31/turn    (no ring)
MPRegen 0.11/turn

%: reflection
@: lethally poisoned (0 -> -6), invisible
A: no striking features
a: Renounce Religion, Smiting


You were on level 9 of the Dungeon.
You worshipped Beogh.
Beogh was most pleased with you.
You visited 2 branches of the dungeon, and saw 11 of its levels.

You collected 528 gold pieces.

Inventory:

Hand Weapons
 a - a +0 hand axe
 A - a +1 hand axe of electrocution (weapon)
 D - the +9 short sword of a bazaar {heavy, rN+}
   (You found it on level 4 of the Dungeon)

   rN:        It protects you from negative energy.
Missiles
 w - a silver boomerang (quivered)
 S - 6 curare-tipped darts
 T - a throwing net
 W - 12 poisoned darts
Armour
 d - an orb of light
 p - a +0 buckler (worn)
 x - a +0 pair of gloves (worn)
 y - a +1 pair of boots (worn)
 z - a +0 pair of boots of flying
 I - a +0 scale mail (worn)
 K - a +0 helmet (worn)
 U - a +1 leather armour of fire resistance
Jewellery
 B - a ring of magical power
 E - a ring of wizardry
 J - a +6 ring of intelligence
 N - an amulet of reflection (around neck)
 Q - an amulet of the acrobat
Wands
 L - a wand of iceblast (9)
 R - a wand of mindburst (23)
 X - a wand of flame (24)
Scrolls
 f - 4 scrolls of teleportation
 g - 2 scrolls of fear
 m - 3 scrolls of butterflies
 n - 2 scrolls of poison {unknown}
 q - 2 scrolls of amnesia {unknown}
 s - 2 scrolls of enchant armour {unknown}
 t - a scroll of brand weapon {unknown}
 F - 4 scrolls of vulnerability
 G - a scroll of immolation {unknown}
 H - a scroll of enchant weapon {unknown}
Potions
 c - a potion of ambrosia
 e - 4 potions of attraction
 h - a potion of curing
 j - 3 potions of lignification {unknown}
 k - a potion of magic {unknown}
 l - 2 potions of resistance
 r - 3 potions of flight
 u - 2 potions of invisibility
 v - a potion of brilliance {unknown}
 C - a potion of degeneration {unknown}
 O - a potion of haste {unknown}
 P - a potion of cancellation {unknown}
 V - a potion of might {unknown}


   Skills:
 - Level 3.6 Fighting
 - Level 10.0 Axes
 - Level 12.5 Armour
 - Level 2.4 Dodging


You had 8 spell levels left.
You didn't know any spells.
Your spell library contained the following spells:

 Spells                   Type           Power      Damage    Failure   Level
 Gell's Gravitas          Tloc           0%         N/A       98%         3
 Ozocubu's Armour         Ice            0%         N/A       98%         3
 Teleport Other           Tloc           0%         N/A       98%         3
 Dispersal                Tloc           0%         N/A       100%        6
 Ozocubu's Refrigeration  Ice            0%         4d7       100%        7


Dungeon Overview and Level Annotations

Branches:
Dungeon (10/15)            Temple (1/1) D:4
   Lair: D:8-11         Orc: D:9-12

Altars:
Ashenzari
Cheibriados
Dithmenos
Elyvilon
Fedhas
Gozag
Hepliaklqana
Kikubaaqudgha
Makhleb
Nemelex Xobeh
Okawaru
Qazlal
Ru
Sif Muna
Trog
Uskayaw
Vehumet
Wu Jian
Xom
Yredelemnul
The Shining One

Shops:
D:3 ?   D:4 *   D:5 :


Message History

You hit the centaur.
The centaur is moderately wounded.
The centaur hits you but does no damage.
The centaur completely misses you.
You hit the centaur.
The centaur is heavily wounded.
You block the centaur's attack. x2
The centaur unwields a +0 spear.
The centaur wields a +0 shortbow.
The centaur shoots an arrow.
The arrow hits you!
The centaur shoots an arrow.
You block the arrow with an invisible shield... and reflect it back!
The arrow hits the centaur!
The centaur shoots an arrow.
The arrow closely misses you.
An orc comes into view. It is wielding a +0 hand axe of venom.
Found a stone staircase leading down.
The orc shouts!
You hear a shout! x2
The centaur shoots an arrow.
The arrow hits you but does no damage.
The centaur shoots an arrow.
The arrow barely misses you.
You hear a shout!
You hear a shout!
An orc warrior comes into view. It is wielding a +0 broad axe.
The orc barely misses you.
You hit the orc.
The orc is heavily wounded.
You block the orc's attack.
You barely miss the orc.
The orc is heavily wounded.
You hit the two-headed ogre.
Lightning courses through the two-headed ogre!
The two-headed ogre hits you with a +0 giant club!
* * * LOW HITPOINT WARNING * * *
The two-headed ogre hits you with a +0 giant spiked club!
* * * LOW HITPOINT WARNING * * *
You feel much better. The orc hits you but does no damage.
You are poisoned.
You fade into invisibility!
You feel sick.
The centaur shoots an arrow.
The arrow hits the two-headed ogre.
You block the orc's attack.
The two-headed ogre hits you with a +0 giant club!!
You die...

#)#####.>###.###
#........# #...
##.......###.###
#.#####.....##
#.# #..c....####
.# #..........#
.# #.......##c#
.# ###....###O#
#....# #@#
##.#.# #o#
....#. .o> .####
###.## #.# #..
..# ...


You could see a two-headed ogre (unable to see you), an orc warrior (unable to
see you), a centaur (unable to see you) and an orc (unable to see you).

Vanquished Creatures
  A komodo dragon (D:8)
  2 wyverns
  4 yaks (D:8)
  Eustachio (D:6)
  2 water moccasins
  2 sky beasts
  An ice beast (D:5)
  An ogre (D:6)
  A centaur (D:6)
  A phantom (D:6)
  A kobold brigand (D:7)
  A bullfrog (D:7)
  A scorpion (D:6)
  4 killer bees (D:7)
  2 howler monkeys
  2 hounds
  2 jellies
  2 orc priests
  2 sleepcaps
  2 iguanas
  4 orc wizards
  4 adders
  4 ufetubi
  A worm (D:2)
  18 orcs
  10 ball pythons
  4 bats
  3 endoplasms
  A giant cockroach (D:3)
  5 goblins
  6 hobgoblins
  14 jackals
  4 quokkas
  7 frilled lizards
  12 kobolds
  6 rats
138 creatures vanquished.

Vanquished Creatures (collateral kills)
  A troll (D:9)
  A yak (D:8)
  A black bear (D:8)
  An iguana (D:8)
  An orc wizard (D:8)
  A frilled lizard (D:8)
6 creatures vanquished.

Vanquished Creatures (others)
  3 orc wizards
  An orc warrior (D:8)
  4 orc priests
  15 orcs
  A giant cockroach (D:3)
  A kobold (D:7)
25 creatures vanquished.

Grand Total: 169 creatures vanquished

Notes
Turn   | Place    | Note
-------+----------+-------------------------------------------
     0 | D:1      | BONEBRO the Hill Orc Monk began the quest for the Orb.
     0 | D:1      | Reached XP level 1. HP: 19/19 MP: 1/1
   221 | D:1      | Reached XP level 2. HP: 26/26 MP: 2/2
   337 | D:1      | Reached skill level 5 in Axes
   595 | D:1      | Reached XP level 3. HP: 30/31 MP: 3/3
  1010 | D:2      | Identified the +3 robe "Jeucokk" {Will+ Int+9 Dex-2 Slay-4}
  1030 | D:2      | Reached XP level 4. HP: 39/39 MP: 4/4
  2011 | D:3      | Became a worshipper of Beogh the Brigand
  2011 | D:3      | Reached * piety under Beogh
  2011 | D:3      | Reached ** piety under Beogh
  2012 | D:3      | Noticed an ogre
  2170 | D:3      | Found Meaji's Magic Scroll Shop.
  2228 | D:3      | Found a burning altar of Makhleb.
  2228 | D:3      | Noticed an Executioner
  2663 | D:4      | Found a staircase to the Ecumenical Temple.
  2672 | Temple   | Entered the Ecumenical Temple
  2977 | D:4      | Reached XP level 5. HP: 19/45 MP: 5/5
  3089 | D:4      | Identified the +9 short sword of a bazaar {heavy, rN+}
  3329 | D:4      | Found Iroan's Assorted Antiques.
  3401 | D:4      | Identified the +5 dagger of Fragile Peace {flame, Will+
                  | rCorr Dex+5 Stlth-}
  3793 | D:5      | Entered Level 5 of the Dungeon
  3895 | D:5      | Reached XP level 6. HP: 47/51 MP: 6/6
  3940 | D:5      | Noticed an ice beast
  4041 | D:5      | Found a shimmering blue altar of Sif Muna.
  4545 | D:5      | Found Noerun's Book Shoppe.
  4618 | D:5      | Noticed an ice beast
  4852 | D:5      | Killed an ice beast
  5393 | D:6      | Noticed Eustachio
  5393 | D:6      | Noticed a sky beast
  5438 | D:6      | Killed Eustachio
  5439 | D:6      | Reached skill level 10 in Axes
  5439 | D:6      | Reached skill level 2 in Armour
  5439 | D:6      | Reached XP level 7. HP: 45/57 MP: 7/7
  5562 | D:6      | Reached skill level 3 in Armour
  5717 | D:6      | Reached skill level 4 in Armour
  5807 | D:6      | Reached skill level 5 in Armour
  6191 | D:6      | Reached XP level 8. HP: 52/64 MP: 8/8
  6271 | D:6      | Reached skill level 6 in Armour
  6368 | D:6      | Reached *** piety under Beogh
  6369 | D:6      | Reached skill level 7 in Armour
  6468 | D:6      | Found a sacrificial altar of Ru.
  7076 | D:7      | Reached skill level 8 in Armour
  7534 | D:7      | Reached skill level 9 in Armour
  7906 | D:8      | Noticed a wyvern
  8147 | D:8      | Reached XP level 9. HP: 62/70 MP: 9/9
  8310 | D:8      | Reached skill level 10 in Armour
  8378 | D:8      | Reached skill level 11 in Armour
  8888 | D:8      | Noticed a komodo dragon
  8897 | D:8      | Killed a komodo dragon
  8899 | D:8      | Noticed a two-headed ogre
  8932 | D:8      | Reached skill level 12 in Armour
  8982 | D:9      | Killed a troll
  9206 | D:9      | Noticed a two-headed ogre
  9599 | D:9      | Found a hide-covered altar of Uskayaw.
  9757 | D:10     | Entered Level 10 of the Dungeon
  9790 | D:9      | Slain by a two-headed ogre

Illustrated notes

Levels and vault maps discovered:
D:1:      dpeg_arrival_solitude, layout_loops_ring, serial_forest,
          infiniplex_forest_clump_medium, infiniplex_forest_clump_medium,
          infiniplex_forest_clump_small, infiniplex_forest_lined_2,
          infiniplex_forest_end_1, infiniplex_forest_lined_corner,
          infiniplex_forest_clump_diagonal, infiniplex_forest_lined_corner,
          kennysheep_nondescript, kennysheep_doodads
D:2:      layout_basic, corexii_corridor_pit, minmay_shallow_snake_nest
D:3:      layout_basic, makhleb_altar_promises_db, serial_shops, shop,
          hangedman_decor_peaks_small
D:4:      layout_loops_ring, lemuel_temple_firewalk_b, serial_shops, shop
D:5:      layout_gridville, general_overflow_altar, serial_shops, shop
D:6:      layout_loops_ring, nicolae_ru_path_of_blood, uniq_eustachio
D:7:      layout_basic
D:8:      layout_loops_ring, minmay_lizard_king
D:9:      layout_loops_ring, nicolae_uskayaw_dance_hall, lair_entry_dummy,
          orc_0_dummy
D:10:     layout_grid_maze, zin_angel, serial_shops, shop, ebering_ghost_xom,
          kennysheep_boxes, uniq_nergalle
Temple:   nicolae_temple_bog_church

Skill      XL: |  1  2  3  4  5  6  7  8  9 |
---------------+----------------------------+-----
Axes           | 5 6 7 8 10 | 10.0
Armour         | 2 5 9 12 | 12.5
Fighting       | |  3.6
Dodging        | |  2.4

Action                     |  1- 3 |  4- 6 |  7- 9 || total
---------------------------+-------+-------+-------++-------
  Melee: Hand axe          |    97 |   245 |   428 ||   770
 Invoke: Convert to Beogh  |       |     1 |       ||     1
         Smiting           |       |       |     4 ||     4
    Use: Scroll            |       |     7 |     5 ||    12
         Potion            |       |     2 |     9 ||    11
   Stab: Distracted        |       |       |     1 ||     1
 Armour: Ring mail         |    23 |    48 |       ||    71
         Scale mail        |       |    35 |   166 ||   201
  Dodge: Dodged            |    46 |   108 |   143 ||   297
  Block: Buckler           |       |    30 |   118 ||   148
         Reflection        |       |       |     6 ||     6
